 Dungeon Crawl Stone Soup version 0.24.0-1-gfbc8707 (webtiles) character file.

Game seed: 4772432461462043962, levelgen mode: deterministic

3871 Scrawl the Cleaver (level 10, -2/94 HPs)
             Began as a Naga Berserker on Jan 11, 2020.
             Was an Elder of Trog.
             Slain by a komodo dragon (26 damage)
             ... on level 8 of the Dungeon.
             The game lasted 00:23:37 (8172 turns).

Scrawl the Cleaver (Naga Berserker)                 Turns: 8172, Time: 00:23:37

Health: -2/94      AC: 10    Str: 20    XL:     10   Next: 19%
Magic:  10/10      EV:  6    Int: 10    God:    Trog [****..]
Gold:   538        SH:  0    Dex: 11    Spells: 9/9 levels left

rFire    . . .     SeeInvis +   b - +0 war axe
rCold    . . .     Gourm    .   (no shield)
rNeg     . . .     Faith    .   y - +0 plate armour
rPois    +         Spirit   .   (no helmet)
rElec    .         Reflect  .   (no cloak)
rCorr    .         Harm     .   (no gloves)
MR       +....                  (no barding)
Stlth    ..........             (no amulet)
HPRegen  0.25/turn              l - +1 ring of slaying
MPRegen  0.12/turn              (no ring)

@: confused, very slow
A: large, see invisible, deformed body, poison resistance, slowness 2, slow
metabolism 1, spit poison 1, AC +3
a: Spit Poison, Berserk, Trog's Hand, Brothers in Arms, Renounce Religion


You were on level 8 of the Dungeon.
You worshipped Trog.
Trog was greatly pleased with you.
You were not hungry.

You visited 1 branch of the dungeon, and saw 8 of its levels.

You collected 538 gold pieces.

Inventory:

Hand Weapons
 b - a +0 war axe (weapon)
 h - a +0 mace
Missiles
 C - 4 boomerangs (quivered)
Armour
 d - a +0 large shield
 y - a +0 plate armour (worn)
Jewellery
 l - a +1 ring of slaying (left hand)
Wands
 u - a wand of digging (13)
 x - a wand of random effects (37)
 A - a wand of acid (4)
Scrolls
 a - 2 scrolls of enchant armour {unknown}
 e - a scroll of enchant weapon {unknown}
 f - 3 scrolls of immolation
 i - a scroll of amnesia {unknown}
 k - 4 scrolls of remove curse
 m - 2 scrolls of fear {unknown}
 o - a scroll of random uselessness {unknown}
 p - 4 scrolls of teleportation
 r - a scroll of magic mapping {unknown}
 t - a scroll of blinking {unknown}
 z - a scroll of fog {unknown}
Potions
 g - a potion of agility {unknown}
 j - a potion of magic {unknown}
 n - 3 potions of might
 q - a potion of ambrosia
 v - a potion of heal wounds {unknown}
 w - a potion of lignification {unknown}
 B - a potion of brilliance {unknown}
Comestibles
 c - 17 rations
 s - a chunk of flesh


   Skills:
 + Level 7.0 Fighting
 * Level 9.6 Axes
 + Level 5.2 Armour
 + Level 5.5 Dodging
 - Level 3.4 Stealth


You had 9 spell levels left.
You didn't know any spells.
Your spell library was empty.

Dungeon Overview and Level Annotations

Branches:
Dungeon (8/15)             Temple (0/1) D:7
   Lair: D:8-11

Altars:
Ashenzari
Hepliaklqana
Nemelex Xobeh
Sif Muna
Trog
Vehumet
Wu Jian
Zin


Innate Abilities, Weirdness & Mutations

You cannot wear boots.
Your serpentine skin is tough. (AC +3)
You have supernaturally acute eyesight. (SInv)
Armour fits poorly on your strangely shaped body.
Your system is resistant to poisons. (rPois)
You cover ground very slowly.
You have a slow metabolism.
You can spit poison.


Message History

You are too injured to fight recklessly!
You are too injured to fight recklessly!
You are too injured to fight recklessly!
You are too injured to fight recklessly!
You are too injured to fight recklessly!
You are too injured to fight recklessly!
You are too injured to fight recklessly!
You barely miss the komodo dragon.
The komodo dragon is severely wounded.
The komodo dragon bites you!
You hit the komodo dragon but do no damage.
The komodo dragon is severely wounded.
The komodo dragon bites you!!
You barely miss the komodo dragon.
The komodo dragon is severely wounded.
The komodo dragon bites you!
* * * LOW HITPOINT WARNING * * *
You are confused.
You feel invigorated. The komodo dragon bites you!!
You die...

### ####.# #
#####...#### ## ##
.# .
.....###.((######
.#.#.#... ###.##
####((##.#
###.......K ###
##(.รท.###........#
##..(@llS..###.#..
#.#####.### ### ###


You could see a komodo dragon, an adder and a leopard gecko.

Vanquished Creatures
  A komodo dragon (D:8)
  A yak (D:7)
  Eustachio (D:6)
  3 hogs (D:7)
  A human (D:7)
  A soldier ant (D:7)
  3 orc warriors (D:7)
  An ice beast (D:7)
  A phantom (D:8)
  A sky beast (D:7)
  5 ogres
  3 centaurs (D:8)
  2 crocodiles (D:8)
  2 big kobolds
  3 bullfrogs
  3 scorpions
  A crimson imp (D:5)
  4 hounds
  3 orc priests
  A bullfrog skeleton (D:4)
  4 orc wizards
  Natasha (twice) (D:2)
  An iguana (D:5)
  5 worker ants
  A killer bee zombie (D:6)
  A worker ant zombie (D:7)
  3 adders
  4 gnolls (D:2)
  3 shadow imps
  An ooze (D:3)
  An adder zombie (D:7)
  4 worms
  3 dart slugs
  4 leopard geckos
  23 orcs
  A ball python (D:4)
  5 giant cockroaches
  3 goblins
  7 hobgoblins
  16 jackals
  2 quokkas
  9 bats
  A frilled lizard (D:3)
  A jackal zombie (D:5)
  13 kobolds
  5 rats
164 creatures vanquished.

Notes
Turn   | Place    | Note
-------+----------+-------------------------------------------
     0 | D:1      | Scrawl the Naga Berserker began the quest for the Orb.
     0 | D:1      | Reached XP level 1. HP: 21/21 MP: 1/1
   207 | D:1      | Reached XP level 2. HP: 14/28 MP: 2/2
   381 | D:1      | Reached skill level 1 in Stealth
   775 | D:1      | Reached XP level 3. HP: 31/34 MP: 3/3
   786 | D:1      | Reached ** piety under Trog
  1268 | D:2      | Found a bloodstained altar of Trog.
  1465 | D:2      | Reached XP level 4. HP: 38/42 MP: 4/4
  1712 | D:2      | Noticed Natasha
  1721 | D:2      | Reached skill level 4 in Axes
  1731 | D:2      | Killed Natasha
  1731 | D:2      | Reached XP level 5. HP: 23/49 MP: 5/5
  2052 | D:2      | Noticed Natasha
  2056 | D:2      | Killed Natasha
  2384 | D:3      | Found a hazy altar of Hepliaklqana.
  2452 | D:3      | Found a shattered altar of Ashenzari.
  2462 | D:3      | Found a sparkling altar of Nemelex Xobeh.
  2571 | D:3      | Found a shimmering blue altar of Sif Muna.
  2581 | D:3      | Found a radiant altar of Vehumet.
  3175 | D:4      | Noticed an ogre
  3184 | D:4      | Killed an ogre
  3184 | D:4      | Reached XP level 6. HP: 57/57 MP: 6/6
  3190 | D:4      | Reached skill level 5 in Axes
  3349 | D:4      | Reached XP level 7. HP: 54/64 MP: 7/7
  3825 | D:4      | Found a glowing silver altar of Zin.
  3873 | D:5      | Entered Level 5 of the Dungeon
  4000 | D:5      | Reached *** piety under Trog
  4151 | D:5      | Reached skill level 6 in Axes
  4334 | D:5      | Reached XP level 8. HP: 61/73 MP: 8/8
  4513 | D:5      | Reached skill level 5 in Fighting
  5188 | D:6      | Noticed Eustachio
  5293 | D:6      | Killed Eustachio
  5293 | D:6      | Reached skill level 7 in Axes
  5701 | D:7      | Found an ornate altar of the Wu Jian Council.
  5815 | D:7      | Reached XP level 9. HP: 15/82 MP: 9/9
  6192 | D:7      | Found a staircase to the Ecumenical Temple.
  6498 | D:7      | Reached skill level 8 in Axes
  6780 | D:7      | Reached **** piety under Trog
  6780 | D:7      | Reached skill level 5 in Dodging
  7131 | D:8      | Reached skill level 9 in Axes
  7800 | D:8      | Reached skill level 5 in Armour
  7800 | D:8      | Reached XP level 10. HP: 83/92 MP: 10/10
  8172 | D:8      | Slain by a komodo dragon

Levels and vault maps discovered:
D:1:      minmay_arrival_wavy_path, layout_basic, serial_glass, glass_columns_a,
          glass_columns_a
D:2:      layout_rooms, bloody_trog, uniq_natasha
D:3:      layout_basic, nicolae_overflow_crystal_walls,
          nicolae_overflow_quartered_altars
D:4:      layout_rooms, zin_treasury, first_ration, minmay_vboxes,
          uniq_crazy_yiuf_cottage
D:5:      layout_loops_corners
D:6:      layout_rooms, serial_park_tiny_1, kennysheep_cross_room,
          uniq_eustachio
D:7:      layout_gridville, minmay_temple_entry_antechambers, basic_altar,
          grunt_livestock
D:8:      layout_loops_ring, cheibrodos_worm_habitat, erik_lair_dragon,
          zaba_antful_of_joy

Skill      XL: |  1  2  3  4  5  6  7  8  9 10 |
---------------+-------------------------------+-----
Stealth        | 1 2 3 |  3.4
Dodging        | 2 3 4 5 |  5.5
Axes           | 4 5 6 7 9 |  9.6
Fighting       | 4 5 6 7 |  7.0
Armour         | 2 3 5 |  5.2

Action                   |  1- 3 |  4- 6 |  7- 9 | 10-12 || total
-------------------------+-------+-------+-------+-------++-------
Melee: Hand axe          |    85 |    22 |       |       ||   107
       War axe           |       |    85 |   358 |    66 ||   509
Throw: Boomerang         |       |       |     1 |       ||     1
Invok: Berserk           |     1 |     3 |     7 |     1 ||    12
       Trog's Hand       |       |     2 |     6 |     1 ||     9
 Abil: Spit Poison       |     3 |     1 |     9 |     1 ||    14
  Use: Scroll            |       |     1 |     6 |       ||     7
       Potion            |       |       |       |     2 ||     2
 Stab: Sleeping          |     1 |       |       |       ||     1
  Eat: Chunk             |     2 |     8 |    12 |     2 ||    24
       Ration            |       |       |     3 |       ||     3
Armor: Animal skin       |    27 |       |       |       ||    27
       Chain mail        |       |    64 |    11 |       ||    75
       Leather armour    |       |     1 |       |       ||     1
       Plate armour      |       |       |   234 |    30 ||   264
Dodge: Dodged            |    74 |    38 |    90 |    18 ||   220
